AoeStats
← Huskarls4

Hideout

515533606Analyzed
4v4 RM · 11d ago on Oct 22, 2026· 24m 50s· 8 players
Game mode
Random Map
Map size
Large (8 player)
Population
200
Speed
Normal
Resources
Standard
Victory
Conquest
Starting age
Dark Age
Ending age
Imperial Age
RankedLock teamsTeams togetherTeam positionsShared explorationLock speedFull tech treeHidden civsTurbo modeCheats
Victory
Defeat
🇺🇸 Tupi · United States
1550
+12
🇮🇹 Malians · Italy
1500
+14
🇫🇷 Celts · France
1496
+14
🇮🇪 Chinese · Ireland
1446
+16
vs
🇬🇧 Huns · United Kingdom
1479
-15
🇦🇷 Jurchens · Argentina
1464
-14
🇬🇷 Dravidians · Greece
1457
-14
🇧🇷 Gurjaras · Brazil
1433
-13
Huskarls4
10:08 Feudal Age
14:43 Castle Age
12:26 Horse Collar
14:03 Double-Bit Axe
14:46 Fletching
19:25 Padded Archer Armor
20:51 Bodkin Arrow
[KOF] JoakoM
10:12 Feudal Age
13:55 Castle Age
13:26 Double-Bit Axe
17:44 Loom
19:50 Bow Saw
Zzulu
11:09 Feudal Age
15:02 Castle Age
15:20 Double-Bit Axe
17:15 Bow Saw
18:00 Fletching
20:24 Padded Archer Armor
24:40 Leather Archer Armor
24:46 Loom
grain8720
11:29 Feudal Age
16:01 Castle Age
14:28 Gold Mining
14:27 Double-Bit Axe
15:29 Horse Collar
16:41 Forging
19:53 Loom
Chris
10:04 Feudal Age
10:45 Town Watch
13:37 Castle Age
12:39 Double-Bit Axe
14:52 Bow Saw
16:08 Fletching
17:05 Loom
18:32 Bodkin Arrow
21:34 Padded Archer Armor
23:34 Ballistics
Wizo
6:59 Loom
9:39 Feudal Age
14:08 Fletching
16:33 Double-Bit Axe
16:29 Horse Collar
18:15 Wheelbarrow
21:40 Castle Age
20:14 Padded Archer Armor
22:20 Bodkin Arrow
21:45 Crossbowman
22:39 Town Watch
23:09 Hand Cart
23:21 Bow Saw
24:12 Heavy Plow
Madbun
0:29 Loom
10:01 Feudal Age
10:59 Double-Bit Axe
18:27 Castle Age
18:49 Scale Mail Armor
19:00 Forging
18:56 Pikeman
21:20 Gold Mining
25:46 Wheelbarrow
Zoccolo Fitusu
6:45 Loom
9:10 Feudal Age
9:48 Double-Bit Axe
9:44 Horse Collar
14:43 Wheelbarrow
17:53 Castle Age
16:02 Scale Barding Armor
15:59 Gold Mining
16:50 Bloodlines
17:15 Forging
18:33 Light Cavalry
19:13 Husbandry
20:04 Bow Saw
Connection lost

Rejoining the realm…

Still unreachable

The connection could not be restored.

Session expired

The server has moved on; the page needs a fresh start.